 Dungeon Crawl Stone Soup version 0.29.1-12-g30fa7ad0bf (webtiles) character file.

Game seed: 10742087095443199924

3447 Cerpago the Grappler (level 10, 0/65 HPs)
             Began as a Gnoll Chaos Knight on Jan 12, 2023.
             Was a Plaything of Xom.
             Succumbed to a killer bee's poison
             ... on level 7 of the Dungeon.
             The game lasted 00:27:44 (8628 turns).

Cerpago the Grappler (Gnoll Chaos Knight)           Turns: 8628, Time: 00:27:45

Health: 0/65       AC: 14    Str: 18    XL:     10   Next: 6%
Magic:  17/17      EV:  7    Int: 16    God:    Xom [....*.]
Gold:   351        SH:  0    Dex:  9    Spells: 19/19 levels left

rFire   + . .      SeeInvis .     - Unarmed
rCold   x . .      Faith    .   (no shield)
rNeg    . . .      Spirit   .   h - +1 plate armour
rPois   .          Reflect  .   (no helmet)
rElec   +          Harm     .   (no cloak)
rCorr   .          Rampage  .   (no gloves)
Will    +....      Clarity  +   (no boots)
Stlth   ..........              s - amulet of the Protecting Gods {Acrobat rElec Str+4 Int+2}
HPRegen 0.20/turn               d - ring of fire
MPRegen 0.15/turn               q - +6 ring of intelligence

@: lethally poisoned (0 -> -5), cleaving
A: fangs 1, strong nose, distributed training, clarity, clumsy 2, dopey 2, frail
2, strong-willed 1, screaming 1
a: Renounce Religion


You were on level 7 of the Dungeon.
You worshipped Xom.
You were a beloved toy of Xom.
You visited 1 branch of the dungeon, and saw 7 of its levels.

You collected 468 gold pieces.
You spent 117 gold pieces at shops.

Inventory:

Missiles
 m - a throwing net
Armour
 a - a +2 leather armour
 h - a +1 plate armour (worn)
Jewellery
 d - a ring of fire (left hand)
 g - a ring of wizardry
 q - a +6 ring of intelligence (right hand)
 s - the amulet of the Protecting Gods (around neck) {Acrobat rElec Str+4 Int+2}
   (You found it on level 4 of the Dungeon)

   [amulet of the acrobat]

   It increases your evasion while moving and waiting.
   Str:       It affects your strength (+4).
   Int:       It affects your intelligence (+2).
   rElec:     It insulates you from electricity.
 u - an amulet of reflection
Wands
 e - a wand of iceblast (10)
 t - a wand of flame (23)
Scrolls
 i - 3 scrolls of blinking
 j - a scroll of noise {unknown}
 n - 2 scrolls of fear
 p - 3 scrolls of identify
 v - a scroll of enchant weapon {unknown}
 w - a scroll of torment {unknown}
Potions
 k - a potion of mutation {unknown}
 l - 2 potions of magic {unknown}
 o - 2 potions of ambrosia {unknown}
 r - 2 potions of attraction {unknown}
 x - a potion of invisibility {unknown}
 z - a potion of lignification {unknown}
 A - a potion of degeneration {unknown}
Miscellaneous
 b - a piece from Xom's chessboard (15/15) (quivered)


   Skills:
 + Level 8.4 Fighting
 + Level 5.0 Short Blades
 + Level 5.0 Long Blades
 + Level 5.0 Axes
 + Level 5.0 Maces & Flails
 + Level 5.0 Polearms
 + Level 5.0 Staves
 + Level 5.0 Ranged Weapons
 + Level 5.0 Throwing
 + Level 6.9 Armour
 + Level 5.7 Dodging
 + Level 5.0 Stealth
 + Level 5.0 Shields
 + Level 8.4 Unarmed Combat
 + Level 5.0 Spellcasting
 + Level 4.2 Conjurations
 + Level 4.2 Hexes
 + Level 4.2 Summonings
 + Level 4.2 Necromancy
 + Level 4.2 Translocations
 + Level 4.2 Transmutations
 + Level 4.2 Fire Magic
 + Level 4.2 Ice Magic
 + Level 4.2 Air Magic
 + Level 4.2 Earth Magic
 + Level 4.2 Poison Magic
 + Level 5.5 Invocations
 + Level 5.0 Evocations


You had 19 spell levels left.
You didn't know any spells.
Your spell library contained the following spells:

 Spells                   Type           Power      Damage    Failure   Level
 Magic Dart               Conj           68%        1d6       63%         1
 Call Imp                 Summ           17%        N/A       77%         2
 Poisonous Vapours        Pois/Air       34%        N/A       77%         2
 Mephitic Cloud           Conj/Pois/Air  17%        N/A       94%         3
 Corpse Rot               Necr/Pois/Air  17%        N/A       100%        4


Dungeon Overview and Level Annotations

Branches:
Dungeon (7/15)             Temple (0/1) D:5

Altars:
Fedhas

Shops:
D:2 *   D:3 [   D:5 [   D:7 [

Annotations:
D:7 Menkaure


Innate Abilities, Weirdness & Mutations

You have very sharp teeth.
Your uncanny sense of smell can sniff out nearby items.
Your experience applies equally to all skills.
You possess an exceptional clarity of mind.
You are very clumsy. (Dex -4)
You are very dopey. (Int -4)
You are very frail. (-20% HP)
You are strong-willed. (Will+)
You occasionally shout uncontrollably at your foes.


Message History

The killer bee stings you.
* * * LOW HITPOINT WARNING * * *
You are lethally poisoned!
The killer bee poisons you! The gnoll hits you but does no damage.
You hit the killer bee. Your bite misses the killer bee.
The killer bee is heavily wounded.
* * * LOW HITPOINT WARNING * * *
You feel very sick.
The killer bee stings you but does no damage.
The killer bee completely misses you.
The gnoll hits you from afar with a +0 spear.
* * * LOW HITPOINT WARNING * * *
You hit the killer bee. Your bite misses the killer bee.
The killer bee is severely wounded.
* * * LOW HITPOINT WARNING * * *
You feel sick.
The killer bee stings you but does no damage.
Unknown command.
You hit the killer bee but do no damage.
You punch the killer bee.
The killer bee is almost dead.
* * * LOW HITPOINT WARNING * * *
You feel sick. The killer bee barely misses you.
The gnoll hits you but does no damage.
The killer bee stings you but does no damage.
You barely miss the killer bee.
The killer bee is almost dead.
* * * LOW HITPOINT WARNING * * *
You feel sick. The killer bee closely misses you.
The gnoll hits you but does no damage. The killer bee stings you.
* * * LOW HITPOINT WARNING * * *
Unknown command.
You barely miss the killer bee.
The killer bee is almost dead.
* * * LOW HITPOINT WARNING * * *
You feel sick. The killer bee barely misses you. The gnoll barely misses you.
You miss the killer bee.
The killer bee is almost dead.
You die...
Xom giggles madly!

####. ##########
....####........# ##
####....##.######.# #####.
...'..#.##.# #.# #.....
#####...z##.######.####.###.
.#####...M..gz)zz....##.#.....#..
.............###g###.##...P......
............## #y# #.##.#..∩..#..
....#######. #@# #......P..[##.
###. #' #................. #. .z
#####..........### #. g.
#..........## # #. ..z
#.#.........# ## ..
##..........###. .............
.........#.#. .........##..


You could see a killer bee, 2 wights and a gnoll.

Vanquished Creatures
  A two-headed ogre (D:6)
  Maggie (D:7)
  The ghost of gargbit the Sneak, an amateur OpFi (D:6)
  Duvessa (D:6)
  A water moccasin (D:5)
  An orc warrior (D:7)
  5 ogres
  A centaur (D:6)
  2 phantoms
  3 scorpions (D:5)
  Dowan (D:6)
  2 killer bees (D:7)
  6 electric eels
  2 hounds (D:5)
  A jelly (D:5)
  2 orc priests
  6 orc wizards
  6 gnolls
  3 adders
  A white imp (D:6)
  2 ufetubi
  A worm (D:2)
  11 dart slugs
  20 orcs
  7 ball pythons
  7 bats
  5 endoplasms
  2 giant cockroaches
  10 goblins
  9 hobgoblins
  8 jackals
  12 kobolds
  2 quokkas (D:2)
  3 frilled lizards
  6 rats
152 creatures vanquished.

Vanquished Creatures (collateral kills)
  A black bear (D:6)
  An ogre (D:5)
  2 scorpions
  A jelly (D:5)
  An iguana (D:6)
  An adder (D:6)
7 creatures vanquished.

Vanquished Creatures (others)
  A dart slug (D:6)
  A fungus (D:7)
  46 plants
48 creatures vanquished.

Grand Total: 207 creatures vanquished

Notes
Turn   | Place    | Note
-------+----------+-------------------------------------------
     0 | D:1      | Cerpago the Gnoll Chaos Knight began the quest for the Orb.
     0 | D:1      | Reached XP level 1. HP: 23/23 MP: 1/1
    90 | D:1      | Reached XP level 2. HP: 26/29 MP: 2/2
   167 | D:1      | XOM: silly message
   429 | D:1      | XOM: divination: detect creatures
   587 | D:1      | XOM: silly message
   625 | D:1      | Reached XP level 3. HP: 35/35 MP: 3/3
  1112 | D:1      | XOM: god gift: mace {god gift}
  1149 | D:2      | Reached skill level 1 in Invocations
  1262 | D:2      | Reached skill level 1 in Short Blades
  1262 | D:2      | Reached skill level 1 in Long Blades
  1262 | D:2      | Reached skill level 1 in Axes
  1262 | D:2      | Reached skill level 1 in Maces & Flails
  1262 | D:2      | Reached skill level 1 in Polearms
  1262 | D:2      | Reached skill level 1 in Staves
  1262 | D:2      | Reached skill level 1 in Ranged Weapons
  1262 | D:2      | Reached skill level 1 in Throwing
  1262 | D:2      | Reached skill level 1 in Stealth
  1262 | D:2      | Reached skill level 1 in Shields
  1262 | D:2      | Reached skill level 1 in Spellcasting
  1262 | D:2      | Reached skill level 1 in Evocations
  1605 | D:2      | Reached XP level 4. HP: 35/41 MP: 5/5
  1705 | D:2      | XOM: noise
  1749 | D:2      | XOM is BORED!
  1939 | D:2      | XOM: smoke on damage
  2052 | D:2      | Reached skill level 1 in Conjurations
  2052 | D:2      | Reached skill level 1 in Hexes
  2052 | D:2      | Reached skill level 1 in Summonings
  2052 | D:2      | Reached skill level 1 in Necromancy
  2052 | D:2      | Reached skill level 1 in Translocations
  2052 | D:2      | Reached skill level 1 in Transmutations
  2052 | D:2      | Reached skill level 1 in Fire Magic
  2052 | D:2      | Reached skill level 1 in Ice Magic
  2052 | D:2      | Reached skill level 1 in Air Magic
  2052 | D:2      | Reached skill level 1 in Earth Magic
  2052 | D:2      | Reached skill level 1 in Poison Magic
  2156 | D:2      | Found Hevvuex's General Store.
  2163 | D:2      | Bought a potion of berserk rage for 65 gold pieces
  2163 | D:2      | Bought a potion of might for 52 gold pieces
  2306 | D:3      | Found Kattej's Armour Shop.
  2410 | D:3      | Found a blossoming altar of Fedhas.
  2607 | D:3      | XOM: divination: detect items
  2870 | D:4      | XOM: 3-stop teleportation journey
  2892 | D:4      | Reached XP level 5. HP: 43/47 MP: 5/7
  3206 | D:4      | Identified the amulet of the Protecting Gods {Acrobat rElec
                  | Str+4 Int+2}
  3231 | D:4      | Noticed a phantom
  3249 | D:4      | Killed a phantom
  3250 | D:4      | Reached XP level 6. HP: 53/53 MP: 8/8
  3515 | D:4      | Reached skill level 5 in Armour
  3628 | D:4      | XOM: 3-stop teleportation journey
  3678 | D:4      | Identified the +3 chain mail of Circular Logic {rF- rC+++
                  | SInv}
  3831 | D:5      | Entered Level 5 of the Dungeon
  3851 | D:5      | XOM: divination: magic mapping
  3876 | D:5      | XOM: polymorph orc wizard -> jelly
  3878 | D:5      | XOM: 6-stop teleportation journey
  3882 | D:5      | XOM: cast spell 'Olgreb's Toxic Radiance'
  3884 | D:5      | Reached XP level 7. HP: 20/60 MP: 10/10
  4374 | D:5      | XOM: silly message
  4419 | D:5      | XOM: 5-stop teleportation journey
  4471 | D:5      | XOM: blink monster(s)
  4486 | D:5      | Reached XP level 8. HP: 57/67 MP: 12/12
  4552 | D:5      | Found a staircase to the Ecumenical Temple.
  4766 | D:5      | XOM: give mutations
  4766 | D:5      | Gained mutation: You are clumsy. (Dex -2) [Xom's mischief]
  4766 | D:5      | Gained mutation: You have hidden genetic potential. [Xom's
                  | mischief]
  4803 | D:5      | XOM: summons friendly ufetubus
  4816 | D:5      | XOM: swap monsters
  4818 | D:5      | XOM: smoke on damage
  4821 | D:5      | XOM: butterfly on damage
  4825 | D:5      | XOM: noise
  5116 | D:5      | Found Duigareo's Antique Armour Shop.
  5413 | D:6      | XOM: cast spell 'Monstrous Menagerie'
  5606 | D:6      | Noticed Duvessa
  5606 | D:6      | Noticed Dowan
  5618 | D:6      | XOM: summons friendly iron imp
  5631 | D:6      | XOM: 4-stop teleportation journey
  5662 | D:6      | Killed Duvessa
  5673 | D:6      | Killed Dowan
  5844 | D:6      | XOM: enchant monster (bad)
  5847 | D:6      | Reached XP level 9. HP: 41/73 MP: 14/14
  5948 | D:6      | XOM: 2-stop teleportation journey
  5979 | D:6      | XOM: god gift: puce potion {god gift}
  6393 | D:6      | XOM: divination: magic mapping
  6398 | D:6      | Gained mutation: You are strong-willed. (Will+) [hidden
                  | potential]
  6618 | D:6      | XOM: fog
  6736 | D:6      | Noticed gargbit's ghost (amateur OpFi)
  6737 | D:6      | Found a transporter.
  6737 | D:6      | Identified the +3 dire flail of Valour {vamp, Int+4 Stlth+}
  6737 | D:6      | Noticed a two-headed ogre
  6738 | D:6      | Found a transporter.
  6748 | D:6      | XOM: noise
  6762 | D:6      | XOM: silly message
  6768 | D:6      | XOM: potion effect (curing)
  6769 | D:6      | Reached skill level 5 in Dodging
  6772 | D:6      | XOM: confuse monster(s)
  6774 | D:6      | Killed gargbit's ghost
  6778 | D:6      | Xom revived you
  6781 | D:6      | XOM: cast spell 'Call Canine Familiar'
  6787 | D:6      | Killed a two-headed ogre
  6788 | D:6      | Reached skill level 5 in Invocations
  6915 | D:6      | XOM: scenery: summon butterflies
  7011 | D:6      | XOM: stat loss: -1 Dex (10/11)
  7151 | D:6      | XOM: torment (38/74 hp)
  7360 | D:6      | XOM: give mutations
  7360 | D:6      | Gained mutation: You possess an exceptional clarity of
                  | mind. [Xom's mischief]
  7360 | D:6      | Gained mutation: You are dopey. (Int -2) [Xom's mischief]
  7360 | D:6      | Gained mutation: You are very dopey. (Int -4) [Xom's
                  | mischief]
  7457 | D:6      | XOM: give mutations
  7457 | D:6      | Gained mutation: You are frail. (-10% HP) [Xom's mischief]
  7457 | D:6      | Lost mutation: You have hidden genetic potential. [Xom's
                  | mischief]
  7457 | D:6      | Gained mutation: You are very frail. (-20% HP) [Xom's
                  | mischief]
  7662 | D:6      | XOM: give mutations
  7662 | D:6      | Gained mutation: You are very clumsy. (Dex -4) [Xom's
                  | mischief]
  7662 | D:6      | Gained mutation: You occasionally shout uncontrollably at
                  | your foes. [Xom's mischief]
  7834 | D:7      | XOM: god gift: potion of curing
  8084 | D:7      | XOM: 4-stop teleportation journey
  8092 | D:7      | XOM: summons 2 friendly demons
  8353 | D:7      | XOM: noise
  8477 | D:7      | Found Natty's Antique Armour Emporium.
  8529 | D:7      | Noticed Maggie
  8550 | D:7      | Killed Maggie
  8551 | D:7      | Reached skill level 5 in Short Blades
  8551 | D:7      | Reached skill level 5 in Long Blades
  8551 | D:7      | Reached skill level 5 in Axes
  8551 | D:7      | Reached skill level 5 in Maces & Flails
  8551 | D:7      | Reached skill level 5 in Polearms
  8551 | D:7      | Reached skill level 5 in Staves
  8551 | D:7      | Reached skill level 5 in Ranged Weapons
  8551 | D:7      | Reached skill level 5 in Throwing
  8551 | D:7      | Reached skill level 5 in Stealth
  8551 | D:7      | Reached skill level 5 in Shields
  8551 | D:7      | Reached skill level 5 in Spellcasting
  8551 | D:7      | Reached skill level 5 in Evocations
  8551 | D:7      | Reached XP level 10. HP: 25/63 MP: 17/17
  8609 | D:7      | Noticed Menkaure
  8614 | D:7      | XOM: god gift: ring of willpower
  8621 | D:7      | XOM: cleaving
  8626 | D:7      | HP: 3/65 [poisoned by a killer bee]
  8627 | D:7      | HP: 1/65 [poisoned by a killer bee]
  8628 | D:7      | Succumbed to a killer bee's poison

Illustrated notes

Levels and vault maps discovered:
D:1:      roderic_chinese_lattice_arrival, layout_loops_ring, chequers_big_river
D:2:      layout_basic, serial_shops, shop
D:3:      layout_rooms, fedhas_altar_2, serial_shops, shop
D:4:      layout_basic, serial_bayou_lagoon_a
D:5:      layout_layer_cave, minmay_temple_entry_poolview, serial_shops,
          kennysheep_mini_moat, minmay_misc_feat_columns,
          kennysheep_generic_room_15
D:6:      kennysheep_slugbush, layout_cave_pods, gammafunk_ghost_smash,
          supply_closet_lemuel, hangedman_decor_clover_reticule,
          amcnicky_mini_pool_small, uniq_duvessa
D:7:      layout_loops_corners, mainiacjoe_overflow_surrounded_room,
          serial_shops, nicolae_shop_overgrown_old_shop,
          kennysheep_cluttered_room, uniq_menkaure, uniq_maggie,
          uniq_crazy_yiuf_cottage, uniq_joseph

Skill      XL: |  1  2  3  4  5  6  7  8  9 |
---------------+----------------------------+-----
Invocations    | 1 2 3 4 5 |  5.5
Short Blades   | 1 2 3 5 |  5.0
Long Blades    | 1 2 3 5 |  5.0
Axes           | 1 2 3 5 |  5.0
Maces & Flails | 1 2 3 5 |  5.0
Polearms       | 1 2 3 5 |  5.0
Staves         | 1 2 3 5 |  5.0
Ranged Weapons | 1 2 3 5 |  5.0
Throwing       | 1 2 3 5 |  5.0
Stealth        | 1 2 3 5 |  5.0
Shields        | 1 2 3 5 |  5.0
Spellcasting   | 1 2 3 5 |  5.0
Evocations     | 1 2 3 5 |  5.0
Conjurations   | 1 2 3 4 |  4.2
Hexes          | 1 2 3 4 |  4.2
Summonings     | 1 2 3 4 |  4.2
Necromancy     | 1 2 3 4 |  4.2
Translocations | 1 2 3 4 |  4.2
Transmutations | 1 2 3 4 |  4.2
Fire Magic     | 1 2 3 4 |  4.2
Ice Magic      | 1 2 3 4 |  4.2
Air Magic      | 1 2 3 4 |  4.2
Earth Magic    | 1 2 3 4 |  4.2
Poison Magic   | 1 2 3 4 |  4.2
Dodging        | 3 4 5 |  5.7
Armour         | 5 6 |  6.9
Fighting       | 7 8 |  8.4
Unarmed Combat | 7 8 |  8.4

Action                   |  1- 3 |  4- 6 |  7- 9 | 10-12 || total
-------------------------+-------+-------+-------+-------++-------
Melee: Unarmed           |   119 |   205 |   296 |    24 ||   644
       Bite              |     9 |    16 |    32 |     1 ||    58
       Punch             |     4 |     7 |    17 |     2 ||    30
  Use: Scroll            |     5 |     1 |     3 |       ||     9
       Potion            |       |       |     9 |     4 ||    13
 Stab: Sleeping          |     2 |       |       |       ||     2
       Confused          |       |       |     1 |       ||     1
Armor: Leather armour    |    27 |       |       |       ||    27
       Plate armour      |       |   129 |   147 |    31 ||   307
Dodge: Dodged            |    56 |    56 |   120 |    36 ||   268
